 Dungeon Crawl Stone Soup version 0.31-a0-876-gfe8ebadbca (webtiles) character file.

Game seed: 11410105530823360505

10209 tilp the Covert (level 11, -15/84 HPs)
             Began as a Vampire Enchanter on Oct 13, 2023.
             Was a Believer of Wu Jian.
             Demolished by a large abomination (31 damage)
             ... in a Gauntlet.
             The game lasted 00:18:53 (10577 turns).

tilp the Covert (Vampire Enchanter)                Turns: 10577, Time: 00:18:53

Health: -15/84     AC:  9    Str:  7    XL:     11   Next: 33%
Magic:  1/19       EV: 13    Int: 22    God:    Wu Jian [**....]
Gold:   391        SH:  4    Dex: 15    Spells: 10/21 levels left

rFire   . . .        a - +7 dagger (vamp)
rCold   + . .        h - +0 buckler
rNeg    + . .        s - +2 robe {rC+}
rPois   .            p - +0 helmet
rElec   .            f - +1 cloak {rCorr}
rCorr   +            (no gloves)
SInv    +            R - +1 pair of boots
Will    +....        r - amulet of the acrobat
Stlth   +++++        e - ring of positive energy
HPRegen 0.54/turn    E - +4 ring of slaying
MPRegen 0.16/turn

%: no teleportation, acrobat
@: healing quickly
A: alive, fangs 3, see invisible, vampiric 2
a: Exsanguinate, Renounce Religion, Wall Jump


You were in a Gauntlet.
You worshipped Wu Jian.
Wu Jian was pleased with you.
You visited 2 branches of the dungeon, and saw 12 of its levels.
You also visited: Gauntlet.

You collected 683 gold pieces.
You spent 292 gold pieces at shops.

Inventory:

Hand Weapons
 a - a +7 vampiric dagger (weapon)
 b - a +3 scimitar of flaming
 D - a +5 long sword
 N - a +1 dagger
Missiles
 d - 12 javelins
 g - 13 boomerangs
 i - 16 poisoned darts (quivered)
 x - 2 curare-tipped darts
Armour
 f - a +1 cloak of preservation (worn)
 h - a +0 buckler (worn)
 p - a +0 helmet (worn)
 s - a +2 robe of cold resistance (worn)
 L - a scarf of invisibility
 R - a +1 pair of boots (worn)
Magical Staves
 t - a staff of poison
Jewellery
 e - a ring of positive energy (left hand)
 r - an amulet of the acrobat (around neck)
 E - a +4 ring of slaying (right hand)
 H - a ring of protection from fire
 K - a ring of positive energy
 Q - a ring of fire
Wands
 n - a wand of polymorph (15)
 v - a wand of digging (5)
 y - a wand of roots (16)
 z - a wand of flame (25)
 A - a wand of mindburst (13)
Scrolls
 q - 3 scrolls of vulnerability
 u - 3 scrolls of teleportation
 w - a scroll of revelation
 B - 2 scrolls of amnesia
 C - 2 scrolls of fear
 F - a scroll of immolation
 G - a scroll of noise
 I - a scroll of blinking
 J - a scroll of acquirement
 P - a scroll of butterflies
Potions
 c - 2 potions of invisibility
 j - 3 potions of attraction
 k - 3 potions of ambrosia
 l - 4 potions of haste
 m - 3 potions of mutation
 o - 6 potions of curing
 M - a potion of heal wounds


   Skills:
 * Level 7.2 Fighting
 - Level 10.0 Short Blades
 + Level 5.3 Dodging
 + Level 11.0 Stealth
 - Level 2.0 Shields
 + Level 5.7 Spellcasting
 - Level 2.0 Conjurations
 * Level 10.1 Hexes
 + Level 2.8 Ice Magic
 + Level 3.3 Evocations


You had 10 spell levels left.
You knew the following spells:

 Your Spells              Type           Power      Damage    Failure   Level
a - Ensorcelled Hibernat  Hex/Ice        68%        N/A       1%          2
b - Confusing Touch       Hex            50%        N/A       1%          3
c - Tukima's Dance        Hex            50%        N/A       1%          3
d - Dazzling Flash        Conj/Hex       66%        N/A       3%          3

Your spell library contained the following spells:

 Spells                   Type           Power      Damage    Failure   Level
 Kiss of Death            Conj/Necr      40%        2d8       10%         1
 Ozocubu's Armour         Ice            18%        N/A       14%         3
 Sting                    Tmut/Pois      24%        1d4       16%         1
 Lesser Beckoning         Tloc           12%        N/A       22%         2
 Passwall                 Tmut/Erth      5%         N/A       22%         2
 Poisonous Vapours        Pois/Air       12%        N/A       22%         2
 Metabolic Englaciation   Hex/Ice        17%        N/A       28%         5
 Stone Arrow              Conj/Erth      20%        3d8       30%         3
 Mephitic Cloud           Conj/Pois/Air  9%         N/A       34%         3
 Gell's Gravitas          Tloc           6%         N/A       41%         3
 Swiftness                Air            6%         N/A       41%         3
 Teleport Other           Tloc           6%         N/A       41%         3
 Silence                  Hex/Air        14%        N/A       45%         5
 Animate Armour           Summ/Erth      12%        N/A       83%         4
 Dispel Undead            Necr           6%         3d8       83%         4
 Olgreb's Toxic Radiance  Pois           6%         N/A       83%         4
 Iskenderun's Battlesphe  Conj           15%        2d7       88%         5
 Freezing Cloud           Conj/Ice/Air   6%         6-21      91%         5
 Bombard                  Conj/Erth      5%         9d2       100%        6
 Simulacrum               Ice/Necr       6%         N/A       100%        6
 Summon Cactus Giant      Summ           3%         N/A       100%        6
 Spellforged Servitor     Conj/Summ      5%         N/A       100%        7
 Lehudib's Crystal Spear  Conj/Erth      5%         10d3      100%        8


Dungeon Overview and Level Annotations

Branches:
Dungeon (11/15)            Temple (1/1) D:7            Lair (0/5) D:10
    Orc (0/2) D:11        Gauntlet (1/1)

Altars:
Ashenzari
Cheibriados
Dithmenos
Fedhas
Gozag
Hepliaklqana
Kikubaaqudgha
Makhleb
Nemelex Xobeh
Okawaru
Qazlal
Ru
Sif Muna
Trog
Uskayaw
Vehumet
Wu Jian
Xom
Yredelemnul

Shops:
D:5 ?   D:6 *

Annotations:
D:7 1 runed translucent door, AppleFox63's ghost, novice TrSh Gauntlet 11 transporters


Innate Abilities, Weirdness & Mutations

Your natural rate of healing is accelerated.
You have razor-sharp teeth.
You have supernaturally acute eyesight. (SInv)
You are afflicted with vampirism and can become a bat while bloodless.


Message History

The small abomination appears confused.
The small abomination is moderately damaged.
The small abomination hits the large abomination but does no damage.
You puncture the small abomination!
The small abomination is severely damaged.
You puncture the small abomination!
The small abomination is almost destroyed.
Unknown command.
Casting: Confusing Touch (safe; 1% risk of failure)
Confirm with . or Enter, or press ? or * to list all spells.
Your hands begin to glow red.
The large abomination barely misses you.
Unknown command.
You completely miss the large abomination.
Your bite misses the large abomination.
The large abomination is lightly damaged.
You barely miss the large abomination.
The large abomination is lightly damaged.
The large abomination barely misses you.
You hit the large abomination but do no damage.
The large abomination is lightly damaged.
The small abomination hits you.
* * * LOW HITPOINT WARNING * * *
Unknown command.
You hit the small abomination but do no damage.
The small abomination is almost destroyed.
The large abomination barely misses you.
You catch the helpless small abomination completely off-guard!
You hit the small abomination but do no damage.
The small abomination appears confused.
The small abomination is almost destroyed.
You hit the small abomination.
You destroy the small abomination!
The Council accepts your kill.
You catch the helpless small abomination completely off-guard!
You skewer the small abomination like a kebab!!!
You destroy the small abomination!
The Council accepts your kill.
You can now perform airborne attacks.
The large abomination hits you!!
You die...

8# #8# #8# #8# #8# #8# #8#
###########################
.........................≈#
..........................###
##########...###########..#8#
xx.......#.8.#.^....x^.#..###
x##.##.#.#...#.........#..#
..#.X^..X#####$X#...#..#..###
).##.##.x#...#..@......#..#8#
©..#©.#.x#©.©#©...©....#©.###
=#.##.##X#...#.........#..#
!#..#..#x#####=.#...#..#..###
^##.##x#.#...#.........#..#8#
xxxxxxx^.#...#.^.....^.#..###
##########...###########..#
...........≈.............≈###
..........≈8≈........∩...∩#8#


You could see a large abomination and a small abomination (confused).

Vanquished Creatures
  A centaur warrior (D:8)
  Pikel (D:8)
  2 gargoyles
  An efreet (D:8)
  3 small abominations (Gauntlet)
  17 yaks
  A vampire (D:10)
  3 wraiths
  A steam dragon (D:8)
  An acid dragon (D:8)
  3 water moccasins
  4 ice beasts
  4 black bears
  3 orc warriors (D:8)
  A sky beast (D:8)
  4 centaurs
  A phantom (D:6)
  Blork the orc (D:5)
  10 bullfrogs
  3 kobold brigands
  A gnoll sergeant (D:8)
  3 scorpions
  3 wights (D:7)
  15 killer bees
  3 howler monkeys (D:6)
  A crimson imp (D:9)
  4 hounds
  A jelly (D:6)
  8 orc priests
  Crazy Yiuf (D:2)
  A sleepcap (D:5)
  Jessica (D:2)
  2 iguanas (D:6)
  9 orc wizards
  A gnoll (D:5)
  2 adders
  A shadow imp (D:6)
  4 white imps
  2 ufetubi (D:4)
  4 worms
  3 dart slugs
  22 orcs
  11 ball pythons
  2 endoplasms
  2 giant cockroaches
  9 hobgoblins
  7 kobolds
  4 quokkas
  3 bats
  A frilled lizard (D:3)
  9 goblins
  6 rats
211 creatures vanquished.

Vanquished Creatures (collateral kills)
  A wight (D:7)
1 creature vanquished.

Vanquished Creatures (others)
  A bullfrog (D:8)
  2 killer bees (D:8)
3 creatures vanquished.

Grand Total: 215 creatures vanquished

Notes
Turn   | Place    | Note
-------+----------+-------------------------------------------
     0 | D:1      | tilp the Vampire Enchanter began the quest for the Orb.
     0 | D:1      | Reached XP level 1. HP: 13/13 MP: 3/3
   301 | D:1      | Reached XP level 2. HP: 20/20 MP: 5/5
   304 | D:1      | Learned a level 2 spell: Ensorcelled Hibernation
   576 | D:1      | Found a faded altar of an unknown god.
   930 | D:1      | Found a sacrificial altar of Ru.
   997 | D:2      | Reached skill level 1 in Fighting
   997 | D:2      | Gained mutation: You are afflicted with vampirism and can
                  | become a bat while bloodless. [Vampire growth]
   997 | D:2      | Reached XP level 3. HP: 19/26 MP: 3/6
  1330 | D:2      | Noticed Jessica
  1398 | D:1      | Learned a level 3 spell: Confusing Touch
  1404 | D:2      | Killed Jessica
  1405 | D:2      | Reached XP level 4. HP: 32/32 MP: 4/7
  1488 | D:2      | Found a runed translucent door.
  1489 | D:2      | Noticed Crazy Yiuf
  1674 | D:2      | Killed Crazy Yiuf
  1860 | D:3      | Reached skill level 5 in Hexes
  2014 | D:3      | Found an opulent altar of Gozag.
  2149 | D:3      | Reached skill level 5 in Stealth
  2310 | D:3      | Reached XP level 5. HP: 37/37 MP: 9/9
  2320 | D:3      | Learned a level 3 spell: Tukima's Dance
  2873 | D:4      | Found a shimmering altar of Xom.
  2915 | D:4      | Found a broken altar of Ashenzari.
  3212 | D:4      | Reached XP level 6. HP: 44/44 MP: 10/10
  3752 | D:5      | Entered Level 5 of the Dungeon
  3757 | D:5      | Noticed Blork the orc
  3778 | D:5      | Killed Blork the orc
  3940 | D:5      | Found an iron altar of Okawaru.
  4101 | D:5      | Found Jausioj's Magic Scroll Boutique.
  4116 | D:5      | Bought a scroll of revelation for 90 gold pieces
  4116 | D:5      | Bought a scroll of blinking for 90 gold pieces
  4126 | D:5      | Found a bloodstained altar of Trog.
  4337 | D:6      | Found an ancient bone altar of Kikubaaqudgha.
  4357 | D:6      | Reached skill level 1 in Evocations
  4387 | D:6      | Noticed an ice beast
  4418 | D:6      | Reached XP level 7. HP: 48/51 MP: 7/12
  4429 | D:6      | Reached skill level 6 in Stealth
  4843 | D:6      | Found a sparkling altar of Nemelex Xobeh.
  5066 | D:6      | Found Copnam's General Store.
  5072 | D:6      | Bought a scroll of fear for 40 gold pieces
  5142 | D:6      | Reached XP level 8. HP: 58/58 MP: 14/14
  5370 | D:7      | Found an ornate altar of the Wu Jian Council.
  5401 | D:7      | Found a snail-covered altar of Cheibriados.
  5465 | D:7      | Found a staircase to the Ecumenical Temple.
  5495 | D:7      | Reached skill level 5 in Short Blades
  5514 | D:7      | Reached skill level 7 in Stealth
  5622 | D:7      | Reached skill level 5 in Spellcasting
  5662 | Temple   | Entered the Ecumenical Temple
  5785 | D:5      | Bought a scroll of identify for 24 gold pieces
  5785 | D:5      | Bought a scroll of identify for 24 gold pieces
  5785 | D:5      | Bought a scroll of identify for 24 gold pieces
  6093 | D:7      | Found a runed translucent door.
  6094 | D:7      | Noticed AppleFox63's ghost (novice TrSh)
  6250 | D:8      | Noticed Pikel
  6256 | D:8      | Killed Pikel
  6257 | D:8      | Reached skill level 5 in Fighting
  6257 | D:8      | Reached skill level 8 in Stealth
  6257 | D:8      | Reached XP level 9. HP: 68/68 MP: 13/16
  6313 | D:8      | Noticed a centaur warrior
  6323 | D:8      | Killed a centaur warrior
  6324 | D:8      | Reached skill level 9 in Stealth
  6357 | D:8      | Reached skill level 10 in Stealth
  6391 | D:8      | Noticed an efreet
  6743 | D:8      | Noticed a gargoyle
  6753 | D:8      | Killed a gargoyle
  6754 | D:8      | Reached XP level 10. HP: 59/76 MP: 14/17
  6914 | D:8      | Learned a level 3 spell: Dazzling Flash
  6920 | D:8      | Reached skill level 10 in Short Blades
  6955 | D:8      | Got a colourful book
  7055 | D:8      | Found a hide-covered altar of Uskayaw.
  7296 | D:8      | Found a sacrificial altar of Ru.
  7812 | D:7      | Became a worshipper of the Wu Jian Council
  7858 | D:9      | Reached skill level 1 in Conjurations
  7880 | D:9      | Identified a scroll of acquirement
  8117 | D:9      | Reached skill level 1 in Ice Magic
  8218 | D:9      | Reached skill level 1 in Shields
  8303 | D:9      | Noticed a gargoyle
  8309 | D:9      | Killed a gargoyle
  8551 | D:9      | Reached * piety under Wu Jian
  8915 | D:9      | Found a radiant altar of Vehumet.
  8916 | D:9      | Found a burning altar of Makhleb.
  8931 | D:10     | Entered Level 10 of the Dungeon
  9037 | D:10     | Reached XP level 11. HP: 73/83 MP: 4/19
  9184 | D:10     | Found a staircase to the Lair.
  9186 | D:10     | Reached skill level 5 in Dodging
  9488 | D:10     | Reached skill level 10 in Hexes
 10251 | D:11     | Reached skill level 11 in Stealth
 10258 | D:11     | Found a gate leading to a gauntlet.
 10269 | Gauntlet | Entered a Gauntlet
 10269 | Gauntlet | Found a transporter.
 10269 | Gauntlet | Found a transporter.
 10270 | Gauntlet | Found a transporter.
 10270 | Gauntlet | Found a transporter.
 10273 | Gauntlet | Found a transporter.
 10273 | Gauntlet | Found a transporter.
 10287 | Gauntlet | Found a transporter.
 10288 | Gauntlet | Found a transporter.
 10289 | Gauntlet | Noticed a large abomination
 10290 | Gauntlet | Noticed a cacodemon
 10299 | Gauntlet | Found a transporter.
 10398 | Gauntlet | Found a transporter.
 10402 | Gauntlet | Found a transporter.
 10412 | Gauntlet | Found a transporter.
 10412 | Gauntlet | Noticed a reaper
 10577 | Gauntlet | Reached ** piety under Wu Jian
 10577 | Gauntlet | Demolished by a large abomination

Illustrated notes

Levels and vault maps discovered:
D:1:      dpeg_arrival_water_altar, layout_basic,
          hellmonk_ecumenical_altar_prayer_group
D:2:      layout_basic, uniq_crazy_yiuf_cottage, uniq_jessica
D:3:      layout_loops_corners, mainiacjoe_overflow_boulevard
D:4:      layout_loops_corners, nicolae_overflow_two_pavilions,
          ashenzari_altar_1
D:5:      layout_rooms, trog_antimagical, okawaru_gym_becter, serial_shops,
          shop, uniq_blork_the_orc
D:6:      layout_basic, nemelex_spade_bored_becter, kiku_gazebo_pond_becter,
          serial_shops, nicolae_shop_hallway_plus, corexii_shack,
          minmay_misc_feat_rugged, hangedman_decor_growths
D:7:      layout_gridville, old_standard_altar, general_overflow_altar,
          minmay_temple_entry_crystal_x, ebering_ghost_reflecting_pool
D:8:      nzn_winding_woodlands_cross [nzn_winding_woodlands_5x15_cabin,
          nzn_winding_woodlands_5x15_sawtooth, nzn_winding_woodlands_5x15_pool,
          nzn_winding_woodlands_5x15_jagged,
          nzn_winding_woodlands_15x15_five_gardens], layout_basic,
          nicolae_uskayaw_dance_hall, nicolae_ru_path_of_blood, uniq_pikel
D:9:      layout_roguey, grunt_temple_overflow_lords_of_destruction,
          mainiacjoe_overflow_tiny_flanked, david_defended_altar_orc
D:10:     layout_basic, due_lair_maze_entry_diamond
D:11:     layout_basic, orc_0_dummy, gauntlet_entry_generic, uniq_amaemon,
          uniq_sonja
Temple:   nicolae_temple_little_seven
Gauntlet: gammafunk_gauntlet_hard_choice [nicolae_gauntlet_swirl,
          gammafunk_gauntlet_arena_hedges, gammafunk_gauntlet_arena_chambers,
          nicolae_gauntlet_arena_grate_2, gammafunk_gauntlet_arena_teeth,
          gammafunk_gauntlet_arena_crates,
          nicolae_gauntlet_exit_dead_adventurers]

Skill      XL: |  1  2  3  4  5  6  7  8  9 10 11 |
---------------+----------------------------------+-----
Fighting       | 1 2 3 5 6 7 |  7.2
Short Blades   | 2 3 4 6 9 10 | 10.0
Hexes          | 5 6 7 8 9 10 | 10.1
Stealth        | 5 6 8 10 11 | 11.0
Dodging        | 3 4 5 |  5.3
Spellcasting   | 3 4 5 |  5.7
Evocations     | 1 2 3 |  3.3
Conjurations   | 2 |  2.0
Ice Magic      | 2 |  2.8
Shields        | 2 |  2.0

Action                     |  1- 3 |  4- 6 |  7- 9 | 10-12 || total
---------------------------+-------+-------+-------+-------++-------
  Melee: Dagger            |   117 |   120 |   131 |   241 ||   609
         Bite              |    12 |     9 |    11 |    32 ||    64
   Cast: Ensorcelled Hiber |     8 |    10 |    22 |    52 ||    92
         Tukima's Dance    |       |     1 |     1 |       ||     2
         Confusing Touch   |       |     3 |    12 |    14 ||    29
Ability: Lunge             |       |       |       |     9 ||     9
         Whirlwind         |       |       |       |     8 ||     8
  Evoke: Wand              |       |       |       |     1 ||     1
    Use: Potion            |     1 |       |       |       ||     1
         Scroll            |       |     7 |     4 |    11 ||    22
   Stab: Sleeping          |     9 |    18 |    27 |    39 ||    93
         Confused          |       |     2 |     8 |     9 ||    19
         Distracted        |       |       |       |     1 ||     1
 Armour: Robe              |    69 |    57 |    42 |   119 ||   287
  Dodge: Dodged            |    48 |    69 |    69 |   126 ||   312
  Block: Buckler           |     5 |    17 |    18 |    26 ||    66

Table legend: (Time is in decaauts)
 A = Elapsed time spent in this place.
 B = Non-inter-level travel time spent in this place.
 C = Inter-level travel time spent in this place.
 D = Time resting spent in this place.
 E = Time spent auto-exploring this place.
 F = Levels seen in this place.
 G = Mean time per level.
                   A        B        C        D        E       F      G
               +--------+--------+--------+--------+--------+-----+--------+
         Total |  10478 |   9832 |    646 |   1017 |   6979 |  13 |  806.0 |
       Dungeon |  10142 |   9497 |    645 |   1017 |   6803 |  11 |  922.0 |
        Temple |     36 |     35 |      1 |      0 |     35 |   1 |   36.0 |
      Gauntlet |    299 |    299 |      0 |      0 |    141 |   1 |  299.0 |
               +--------+--------+--------+--------+--------+-----+--------+

Top non-repeatable levels by time:
     D:8: 1449 daAuts
    D:10: 1251 daAuts
     D:6: 1117 daAuts
     D:9: 1075 daAuts
     D:4: 1056 daAuts
     D:1: 1002 daAuts
     D:3: 940 daAuts
     D:7: 819 daAuts
     D:2: 750 daAuts
     D:5: 633 daAuts
Gauntlet: 299 daAuts
    D:11: 45 daAuts
  Temple: 36 daAuts
